 Dungeon Crawl Stone Soup version 0.29-a0-409-gd843f3a48c (webtiles) character file.

Game seed: 13982433063007587015

504214 holysushi the Imperceptible (level 26, -5/155 (172) HPs)
             Began as a Kobold Artificer on May 15, 2022.
             Was a High Priest of Dithmenos.
             Slain by a titan (21 damage)
             ... while paralysed by a Zot trap
             ... on level 5 of the Vaults.
             The game lasted 02:01:30 (68755 turns).

holysushi the Imperceptible (Kobold Artificer)     Turns: 68755, Time: 02:01:31

HP:   -5/155 (172)  AC: 16    Str: 11    XL:     26   Next: 58%
MP:   36/36         EV:  3    Int:  9    God:    Dithmenos [*****.]
Gold: 3602          SH:  0    Dex: 39    Spells: 24/25 levels left

rFire   + . .      SeeInvis .   a - +9 quick blade (freeze)
rCold   . . .      Faith    .   (no shield)
rNeg    . . .      Spirit   .   S - +2 ring mail of Foycyj {rElec Int-3 Dex+5 Stlth+}
rPois   .          Reflect  .   n - +2 helmet
rElec   +          Harm     .   w - scarf {shadows}
rCorr   +          Rampage  +   q - +1 pair of gloves {hurl}
Will    +....                   Y - +1 pair of boots {rampage} Stlth #*********
                                l - amulet "Puuk" {Acrobat rF+ Regen+ rCorr Dex+2}
HPRegen 1.15/turn               r - +6 ring of dexterity
MPRegen 0.25/turn               R - +4 ring of evasion

@: paralysed, marked, wreathed by umbra, studying 2 skills, drained
A: small, no large weapons, nightstalker 3
}: 2/15 runes: decaying, serpentine
a: Renounce Religion, Shadow Step, Shadow Form


You were on level 5 of the Vaults.
You worshipped Dithmenos.
Dithmenos was extremely pleased with you.
You visited 9 branches of the dungeon, and saw 42 of its levels.
You also visited: Trove, Sewer, Ossuary, Bailey, Gauntlet and Volcano.

You collected 7389 gold pieces.
You spent 3787 gold pieces at shops.

Inventory:

Hand Weapons
 a - a +9 quick blade of freezing (weapon)
Missiles
 F - 5 throwing nets
Armour
 f - quicksilver dragon scales
 n - a +2 helmet (worn)
 q - a +1 pair of gloves of hurling (worn)
 w - a scarf of shadows (worn)
 S - the +2 ring mail of Foycyj (worn) {rElec Int-3 Dex+5 Stlth+}
   (You found it in a treasure trove)

   Int:       It affects your intelligence (-3).
   Dex:       It affects your dexterity (+5).
   rElec:     It insulates you from electricity.
   Stlth:     It makes you more stealthy.
 U - a +2 robe of willpower
 Y - a +1 pair of boots of rampaging (worn)
Jewellery
 b - a ring of protection from fire
 l - the amulet "Puuk" (around neck) {Acrobat rF+ Regen+ rCorr Dex+2}
   (You found it in a treasure trove)

   [amulet of the acrobat]

   It increases your evasion while moving and waiting.
   Dex:       It affects your dexterity (+2).
   rF:        It protects you from fire.
   Regen:     It increases your rate of health regeneration.
   rCorr:     It protects you from acid and corrosion.
 r - a +6 ring of dexterity (left hand)
 y - a ring of protection from cold
 E - a ring of see invisible
 L - a ring of resist corrosion
 O - a +6 ring of strength
 R - a +4 ring of evasion (right hand)
 T - a ring of poison resistance
Wands
 c - a wand of flame (62) (quivered)
 d - a wand of charming (15)
 e - a wand of iceblast (54)
 G - a wand of acid (5)
 M - a wand of mindburst (12)
 N - a wand of digging (20)
 W - a wand of paralysis (17)
 Z - a wand of polymorph (4)
Scrolls
 g - 17 scrolls of teleportation
 i - 4 scrolls of fear
 m - 12 scrolls of blinking
 t - 6 scrolls of magic mapping
 u - a scroll of enchant armour
 J - 8 scrolls of amnesia
 K - a scroll of summoning
 P - 6 scrolls of fog
 V - 2 scrolls of silence
Potions
 h - 12 potions of brilliance
 j - 8 potions of magic
 k - 6 potions of lignification
 o - 8 potions of attraction
 p - 14 potions of curing
 s - 13 potions of haste
 v - 10 potions of mutation
 x - 5 potions of might
 z - 5 potions of invisibility
 B - a potion of cancellation
 C - 6 potions of resistance
 D - 10 potions of heal wounds
 I - 9 potions of flight
 Q - 2 potions of ambrosia
Miscellaneous
 A - a phial of floods
 H - a phantom mirror
 X - a condenser vane


   Skills:
 + Level 19.5 Fighting
 + Level 21.6 Short Blades
 - Level 7.0 Armour
 - Level 26.0 Dodging
 - Level 26.5 Stealth
 + Level 18.6 Invocations
 - Level 15.1 Evocations


You had 24 spell levels left.
You knew the following spells:

 Your Spells              Type           Power      Damage    Failure   Level
a - Apportation           Tloc           0%         N/A       65%         1

Your spell library contained the following spells:

 Spells                   Type           Power      Damage    Failure   Level
 Animate Skeleton         Necr           0%         N/A       65%         1
 Foxfire                  Conj/Fire      0%         2x1d4     65%         1
 Magic Dart               Conj           0%         1d3       65%         1
 Pain                     Necr           0%         1d4       65%         1
 Sandblast                Erth           0%         2d4       65%         1
 Shock                    Conj/Air       0%         1d3       65%         1
 Sting                    Tmut/Pois      0%         1d3       65%         1
 Summon Small Mammal      Summ           0%         N/A       65%         1
 Call Imp                 Summ           0%         N/A       78%         2
 Corpse Rot               Necr/Air       0%         N/A       78%         2
 Passwall                 Tmut/Erth      0%         N/A       78%         2
 Poisonous Vapours        Pois/Air       0%         N/A       78%         2
 Searing Ray              Conj           0%         2d4       78%         2
 Call Canine Familiar     Summ           0%         N/A       95%         3
 Conjure Flame            Conj/Fire      0%         6-21      95%         3
 Dazzling Flash           Conj/Hex       0%         N/A       95%         3
 Frozen Ramparts          Ice            0%         1d2       95%         3
 Gell's Gravitas          Tloc           0%         N/A       95%         3
 Ignite Poison            Fire/Tmut/Pois 0%         N/A       95%         3
 Inner Flame              Hex/Fire       0%         N/A       95%         3
 Mephitic Cloud           Conj/Pois/Air  0%         N/A       95%         3
 Stone Arrow              Conj/Erth      0%         3d7       95%         3
 Summon Guardian Golem    Hex/Summ       0%         N/A       95%         3
 Swiftness                Air            0%         N/A       95%         3
 Teleport Other           Tloc           0%         N/A       95%         3
 Airstrike                Air            0%         N/A       100%        4
 Animate Armour           Summ/Erth      0%         N/A       100%        4
 Animate Dead             Necr           0%         N/A       100%        4
 Cause Fear               Hex            0%         N/A       100%        4
 Fulminant Prism          Conj/Hex       0%         3d6       100%        4
 Hailstorm                Conj/Ice       0%         3d3       100%        4
 Ice Form                 Ice/Tmut       0%         N/A       100%        4
 Olgreb's Toxic Radiance  Pois           0%         N/A       100%        4
 Petrify                  Tmut/Erth      0%         N/A       100%        4
 Sticky Flame             Conj/Fire      0%         2d3       100%        4
 Summon Ice Beast         Ice/Summ       0%         N/A       100%        4
 Summon Lightning Spire   Summ/Air       0%         N/A       100%        4
 Agony                    Necr           0%         N/A       100%        5
 Alistair's Intoxication  Tmut/Pois      0%         N/A       100%        5
 Blade Hands              Tmut           0%         N/A       100%        5
 Borgnjor's Vile Clutch   Necr/Erth      0%         N/A       100%        5
 Excruciating Wounds      Necr           0%         N/A       100%        5
 Fireball                 Conj/Fire      0%         3d3       100%        5
 Freezing Cloud           Conj/Ice/Air   0%         6-21      100%        5
 Irradiate                Conj/Tmut      0%         3d13      100%        5
 Iskenderun's Battlesphe  Conj           0%         2d6       100%        5
 Lee's Rapid Deconstruct  Erth           0%         3d5*      100%        5
 Lightning Bolt           Conj/Air       0%         1d11      100%        5
 Metabolic Englaciation   Hex/Ice        0%         N/A       100%        5
 Silence                  Hex/Air        0%         N/A       100%        5
 Summon Forest            Summ/Tloc      0%         N/A       100%        5
 Summon Mana Viper        Hex/Summ       0%         N/A       100%        5
 Conjure Ball Lightning   Conj/Air       0%         3x3d6     100%        6
 Dispersal                Tloc           0%         N/A       100%        6
 Eringya's Noxious Bog    Tmut/Pois      0%         N/A       100%        6
 Iron Shot                Conj/Erth      0%         9d1       100%        6
 Simulacrum               Ice/Necr       0%         N/A       100%        6
 Starburst                Conj/Fire      0%         6d3       100%        6
 Statue Form              Tmut/Erth      0%         N/A       100%        6
 Summon Cactus Giant      Summ           0%         N/A       100%        6
 Dragon Form              Tmut           0%         N/A       100%        7
 Haunt                    Necr/Summ      0%         N/A       100%        7
 Orb of Destruction       Conj           0%         9d5       100%        7
 Ozocubu's Refrigeration  Ice            0%         4d5       100%        7
 Spellforged Servitor     Conj/Summ      0%         N/A       100%        7
 Borgnjor's Revivificati  Necr           0%         N/A       100%        8
 Discord                  Hex            0%         N/A       100%        8
 Ignition                 Fire           0%         3d3       100%        8
 Infestation              Necr           0%         N/A       100%        8
 Lehudib's Crystal Spear  Conj/Erth      0%         10d2      100%        8
 Necromutation            Tmut/Necr      0%         N/A       100%        8
 Chain Lightning          Conj/Air       0%         N/A       100%        9
 Death's Door             Necr           0%         N/A       100%        9
 Polar Vortex             Ice            0%         N/A       100%        9


Dungeon Overview and Level Annotations

Branches:
Dungeon (15/15)            Temple (1/1) D:7            Lair (6/6) D:8
  Swamp (4/4) Lair:4        Snake (4/4) Lair:4        Slime (0/5) Lair:5
    Orc (2/2) D:10            Elf (3/3) Orc:2        Vaults (5/5) D:14
  Crypt (0/3) Vaults:3     Depths (2/4) D:15          Sewer (visited)
Ossuary (visited)          Bailey (visited)         Volcano (visited)
Gauntlet (visited)

Altars:
Ashenzari
Cheibriados
Dithmenos
Elyvilon
Fedhas
Gozag
Hepliaklqana
Kikubaaqudgha
Makhleb
Nemelex Xobeh
Okawaru
Qazlal
Ru
Sif Muna
Trog
Uskayaw
Vehumet
Wu Jian
Xom
Yredelemnul
Zin
The Shining One
Beogh
Lugonu

Shops:
D:14 *   D:15 *   Orc:2 [**[[   Elf:2 [   Snake:1 *(   Depths:1 *

Portals:
Hell: Depths:1
Abyss: Lair:6

Annotations:
Lair:1 3 runed translucent doors
Lair:2 3 runed translucent doors, exclusion: oklob plant
Swamp:3 Roxanne


Innate Abilities, Weirdness & Mutations

You are small and have problems with some larger weapons.
You are completely attuned to the shadows.


Message History

The shadow dragon is heavily wounded.
Your shadow hits the shadow dragon but does no damage.
Unknown command.
You puncture the shadow dragon!
The shadow dragon is severely wounded.
The yaktaur shoots a sling bullet.
The sling bullet completely misses you.
You hear a loud "Zot"!
The power of Zot is invoked against you!
You suddenly lose the ability to move!
A yaktaur comes into view. It is wielding a +0 long sword.
A tentacled monstrosity comes into view.
The shadow dragon bites you.
You feel drained.
The shadow dragon claws you but does no damage. x2
The yaktaur captain shoots a bolt.
The bolt barely misses you.
The vault sentinel gestures at you while chanting.
You barely resist.
An orc warrior comes into view.
It is wielding a +0 scimitar and wearing a +2 kite shield of resistance.
The yaktaur shoots a sling bullet.
The sling bullet hits you!
The yaktaur unwields a +0 long sword.
The yaktaur wields a +0 arbalest.
The yaktaur shoots a bolt.
The bolt hits you!
The shadow dragon breathes negative energy at you.
The bolt of negative energy hits you!!
You feel drained.
The vault sentinel unwields a +0 falchion.
The vault sentinel wields a +0 arbalest.
The vault sentinel shoots a bolt.
The bolt hits you!
The yaktaur shoots a sling bullet.
The sling bullet hits you.
A yaktaur comes into view.
It is wielding a +4 dagger of electrocution.
The titan hits you!!!
The shadow dragon breathes negative energy at you.
The bolt of negative energy hits you!!
You feel drained.
* * * LOW HITPOINT WARNING * * *
A titan comes into view.
An orc comes into view.
It is wielding a +0 rapier of protection and carrying a wand of charming (7).
An orc warrior comes into view.
It is wielding a +0 halberd and carrying a wand of paralysis (1).
The yaktaur shoots a sling bullet.
The sling bullet hits you!
* * * LOW HITPOINT WARNING * * *
You hear a loud "Zot"!
A shadow dragon comes into view.
The titan hits you!!
You die...

#....#######################.
#............................
#..#)#######################.
#.)#.# ...)†...#. #..#.#
#####.).#. #..#.# .....)#.
#..#.# ####### ###.#.#.
#..#.# #..}D.o #.#.#. #..#.#
#..@Coo #.#.#. #..#.# #...Xcc
#†#.#. #..#.# #..pcc^ #.#.#.
#..#.# #..CD.. #.#.#. #..#.#
#..^.. #.#.#. #..#.#C#.#^....
#.#.#. #..#.#.#.#.^... #.#.#.
#..#.#.#...^... #.#.#.
#..#.#.#...#############.#.#.


You could see 2 shadow dragons, a tentacled monstrosity, 2 titans, a yaktaur
captain, a vault sentinel, 3 yaktaurs, 2 orc warriors and an orc.

Vanquished Creatures
  Sojobo (Vaults:5)
  the Lernaean hydra (Swamp:4)
  Vashnia (Snake:3)
  A golden dragon (Vaults:4)
  Nikola (Vaults:2)
  4 tentacled monstrosities
  Jorgrun (Orc:2)
  A lich (Vaults:5)
  4 deep elf blademasters (Elf:3)
  A titan (Vaults:4)
  2 deep elf master archers (Elf:3)
  2 sphinxes
  6 tengu reavers
  2 thorn hunters (Swamp:2)
  Agnes (Elf:1)
  3 storm dragons
  Kirke (D:15)
  3 shadow dragons
  7 nagarajas
  An iron dragon (Vaults:5)
  6 fire giants
  The ghost of Zomibl Ceupp the Unseen, an adept OpMo of Dithmenos (Swamp:2)
  15 deep elf sorcerers
  6 frost giants
  4 orc warlords
  20 vault wardens
  2 deep elf elementalists (Elf:3)
  30 ironbound preservers
  10 ironbound thunderhulks
  5 war gargoyles
  2 spriggan defenders (Depths:1)
  A vampire knight (Depths:1)
  8 very ugly things
  6 stone giants
  Nessos (Lair:5)
  4 bunyips
  A minotaur (Gauntlet)
  7 deep elf demonologists (Elf:3)
  4 entropy weavers
  7 eleionomae
  10 dire elephants
  5 deep elf annihilators
  Azrael (Orc:2)
  An eidolon (Vaults:3)
  4 ettins
  11 deep elf death magi
  A merfolk impaler (Depths:1)
  Josephine (Lair:4)
  2 shambling mangroves (Swamp:1)
  7 deep elf high priests
  16 yaktaur captains
  2 ice dragons (Depths:1)
  5 great orbs of eyes
  4 boulder beetles
  2 rakshasas (Depths:1)
  37 vault guards
  2 peacekeepers
  3 ironbound frosthearts (Vaults:2)
  The ghost of siradein the Destroyer, a journeyman DrCj of Vehumet (D:9)
  4 salamander tyrants
  10 anacondas
  A ghost crab (Swamp:2)
  24 hydras
  8 centaur warriors
  7 two-headed ogres
  A two-headed ogre (shapeshifter) (Lair:6)
  2 catoblepae (D:13)
  28 dancing weapons
  2 death knights
  13 death yaks
  9 naga warriors
  3 orc high priests (Orc:2)
  12 alligators
  6 tengu warriors
  4 thrashing horrors (Lair:6)
  A spriggan berserker (Depths:1)
  12 naga sharpshooters
  3 shock serpents
  17 deep elf knights
  2 hell knights
  A sea snake (shapeshifter) (Vaults:5)
  8 salamander mystics
  2 flayed ghosts (Vaults:5)
  66 deep trolls
  5 goliath frogs
  3 glowing orange brains
  A spriggan druid (Swamp:2)
  8 naga ritualists
  A glowing orange brain (shapeshifter) (Vaults:5)
  23 ironbound convokers
  5 bog bodies
  10 wizards
  15 swamp dragons
  4 harpies (Vaults:1)
  8 deep elf archers
  Pikel (D:7)
  24 deep elf pyromancers
  2 necromancers
  6 lindwurms
  21 orc knights
  7 phantasmal warriors
  33 deep elf zephyrmancers
  18 mana vipers
  12 salamanders
  4 will-o-the-wisps
  An orc sorcerer (Vaults:5)
  28 ugly things
  3 manticores
  7 cyclopes
  A stone giant zombie (Vaults:2)
  17 vault sentinels
  A black mamba (shapeshifter) (D:15)
  42 black mambas
  7 guardian serpents
  13 naga magi
  11 cane toads
  An unseen horror (D:12)
  2 torpor snails (Lair:5)
  Maggie (Lair:2)
  A rime drake (shapeshifter) (Elf:2)
  A kobold demonologist (D:10)
  5 efreet
  A rime drake (Lair:4)
  A yaktaur zombie (Vaults:2)
  A freezing wraith (Vaults:5)
  A komodo dragon (shapeshifter) (D:15)
  3 komodo dragons
  4 tengu conjurers
  22 yaktaurs
  9 tyrant leeches
  2 ancient zymes (Lair:6)
  A bloated husk (Swamp:1)
  10 hornets
  A wind drake (shapeshifter) (Elf:2)
  A troll (shapeshifter) (Lair:6)
  A tarantella (Vaults:3)
  7 trolls
  3 meliai (Gauntlet)
  A large abomination (Lair:6)
  5 polar bears
  22 blink frogs
  31 slime creatures
  8 dream sheep (Lair:6)
  7 wraiths
  2 air elementals
  46 yaks
  3 shadows
  A culicivora (shapeshifter) (Vaults:3)
  A centaur simulacrum (D:15)
  A wyvern (Lair:5)
  5 water elementals
  A vampire (D:12)
  6 spriggans
  8 basilisks
  13 fire elementals
  3 hogs (D:15)
  A steam dragon (Lair:3)
  A redback (shapeshifter) (Vaults:3)
  A human simulacrum (Vaults:1)
  3 chaos spawn
  A neqoxec (Gauntlet)
  6 redbacks
  8 vampire mosquitoes
  A swamp worm (shapeshifter) (Vaults:4)
  56 nagas
  16 swamp worms
  8 wargs
  Duvessa (D:7)
  24 water moccasins
  4 hell hounds
  A floating eye (shapeshifter) (Vaults:4)
  7 swamp drakes (Swamp:4)
  67 orc warriors
  2 black bears
  A sky beast (D:7)
  23 centaurs
  9 ogres
  23 wolves
  A boggart (Elf:1)
  12 small abominations (Lair:6)
  A phantom (D:4)
  3 kobold brigands
  An elf zombie (Ossuary)
  5 earth elementals
  2 necrophages
  9 bullfrogs
  6 scorpions
  2 elf skeletons (D:5)
  2 gnoll sergeants
  A glowing shapeshifter simulacrum (Vaults:1)
  16 wights
  Dowan (D:7)
  28 killer bees
  7 electric eels
  10 howler monkeys
  5 hounds
  5 human zombies
  5 jellies
  19 orc priests
  3 human skeletons
  4 gnoll shamans
  6 iguanas
  7 orc wizards
  6 hell rats (Lair:6)
  3 mummies (Ossuary)
  23 gnolls
  13 adders
  3 river rats (Sewer)
  A shadow imp (D:8)
  3 white imps
  An ufetubus (D:3)
  7 adder zombies (Ossuary)
  3 worms
  A dart slug (D:3)
  108 orcs
  3 bats
  7 endoplasms
  2 giant cockroaches (D:1)
  25 goblins
  15 hobgoblins
  3 jackals (D:1)
  19 kobolds
  5 quokkas
  8 ball pythons
  4 frilled lizards
  2 goblin zombies (Ossuary)
  2 hobgoblin zombies (Ossuary)
  2 kobold zombies (Ossuary)
  2 quokka zombies (Ossuary)
  8 rats
  2 rat zombies (Ossuary)
  2 briar patches (Swamp:3)
  4 fire vortices (Volcano)
1842 creatures vanquished.

Vanquished Creatures (collateral kills)
  A killer bee (D:8)
  A rat (D:3)
2 creatures vanquished.

Vanquished Creatures (others)
  A fire giant (Vaults:4)
  A deep elf sorcerer (Elf:3)
  A deep elf zephyrmancer (Elf:1)
  An unseen horror (D:11)
  A rime drake (Lair:1)
  2 gnolls (D:3)
  2 briar patches (Swamp:3)
  2 fire vortices (Volcano)
  12 foxfires
  87 fungi
  113 plants
  16 withered plants (Gauntlet)
239 creatures vanquished.

Grand Total: 2083 creatures vanquished

Notes
Turn   | Place    | Note
-------+----------+-------------------------------------------
     0 | D:1      | holysushi the Kobold Artificer began the quest for the Orb.
     0 | D:1      | Reached XP level 1. HP: 12/12 MP: 1/1
   288 | D:1      | Found a faded altar of an unknown god.
   294 | D:1      | Reached XP level 2. HP: 17/17 MP: 2/2
  1439 | D:1      | Reached XP level 3. HP: 22/22 MP: 3/3
  1457 | D:1      | Reached skill level 1 in Short Blades
  2373 | D:2      | Reached XP level 4. HP: 25/27 MP: 4/4
  3538 | D:3      | Reached XP level 5. HP: 27/32 MP: 5/5
  3834 | D:3      | Reached skill level 5 in Short Blades
  4504 | D:3      | Reached XP level 6. HP: 25/36 MP: 6/6
  4865 | D:4      | Identified a scroll of acquirement
  4865 | D:4      | Acquired a +5 short sword of draining
  4902 | D:4      | Found a glowing drain.
  4907 | Sewer    | Entered a sewer
  5261 | Sewer    | Learned a level 1 spell: Apportation
  5502 | D:4      | Found a glowing silver altar of Zin.
  5747 | D:4      | Noticed a black bear
  5750 | D:4      | Killed a black bear
  5751 | D:4      | Reached XP level 7. HP: 40/40 MP: 7/7
  6144 | D:5      | Entered Level 5 of the Dungeon
  6211 | D:5      | Found a burning altar of Makhleb.
  6291 | D:5      | Found a sand-covered staircase.
  6294 | D:5      | Reached XP level 8. HP: 48/48 MP: 8/8
  6296 | Ossuary  | Entered an ossuary
  6527 | Ossuary  | Reached skill level 5 in Dodging
  7330 | D:5      | Identified the +5 dagger of Rostrikhlu {vorpal, Int+2}
  7684 | D:5      | Noticed a ynoxinul
  7684 | D:5      | Noticed an Executioner
  7684 | D:5      | Noticed a ynoxinul
  8033 | D:6      | Reached skill level 5 in Stealth
  8399 | D:6      | Reached XP level 9. HP: 53/53 MP: 9/9
  8415 | D:6      | Reached skill level 5 in Fighting
  8716 | D:6      | Found an ancient bone altar of Kikubaaqudgha.
  8733 | D:6      | Found an ornate altar of the Wu Jian Council.
  8909 | D:6      | Found a basalt altar of Yredelemnul.
  8915 | D:6      | Found a hazy altar of Hepliaklqana.
  9411 | D:7      | Noticed Dowan
  9412 | D:7      | Noticed Duvessa
  9416 | D:7      | Killed Duvessa
  9422 | D:7      | Killed Dowan
  9601 | D:7      | Found a staircase to the Ecumenical Temple.
  9657 | Temple   | Entered the Ecumenical Temple
  9831 | Temple   | Became a worshipper of Dithmenos the Shadowed
  9980 | D:7      | Noticed Pikel
 10008 | D:7      | Killed Pikel
 10009 | D:7      | Reached skill level 10 in Short Blades
 10009 | D:7      | Reached XP level 10. HP: 56/61 MP: 10/10
 10479 | D:8      | Reached skill level 10 in Dodging
 10637 | D:8      | Reached * piety under Dithmenos
 10705 | D:8      | Found a sacrificial altar of Ru.
 10731 | D:8      | Found a staircase to the Lair.
 11207 | D:8      | Got the Papyrus of Earthen Transmigration
 11784 | D:8      | Noticed a centaur warrior
 11784 | D:8      | Noticed a manticore
 11812 | D:8      | Noticed a cyclops
 11840 | D:8      | Noticed a boulder beetle
 12109 | D:8      | Noticed a cyclops
 12112 | D:8      | Noticed an orb spider
 12151 | D:9      | Noticed a two-headed ogre
 12154 | D:9      | Killed a two-headed ogre
 12155 | D:9      | Reached XP level 11. HP: 68/68 MP: 11/11
 12196 | D:9      | Noticed a two-headed ogre
 12274 | Lair:1   | Entered Level 1 of the Lair of Beasts
 12361 | Lair:1   | Reached ** piety under Dithmenos
 12721 | Lair:1   | Found a runed translucent gate.
 12721 | Lair:1   | Found a runed translucent gate.
 12722 | Lair:1   | Found a runed translucent gate.
 13640 | Lair:2   | Found a transporter.
 13648 | Lair:2   | Found a transporter.
 13709 | Lair:2   | Noticed an oklob plant
 13852 | Lair:2   | Noticed Maggie
 13855 | Lair:2   | Killed Maggie
 14161 | Lair:2   | Found a runed translucent gate.
 14161 | Lair:2   | Found a runed translucent gate.
 14162 | Lair:2   | Found a runed translucent gate.
 14921 | Lair:2   | Noticed a boulder beetle
 15053 | Lair:3   | Noticed an eight-headed hydra
 15517 | Lair:3   | Reached XP level 12. HP: 71/76 MP: 12/12
 15563 | Lair:3   | Reached skill level 5 in Evocations
 15720 | Lair:3   | Reached *** piety under Dithmenos
 16016 | Lair:3   | Reached skill level 10 in Fighting
 16412 | Lair:3   | Killed an eight-headed hydra
 16989 | Lair:4   | Reached skill level 15 in Dodging
 16991 | Lair:4   | Noticed Josephine
 17304 | Lair:3   | Reached skill level 10 in Stealth
 17426 | Lair:4   | Killed Josephine
 17864 | Lair:4   | Noticed a five-headed hydra
 17873 | Lair:4   | Killed a five-headed hydra
 18050 | Lair:4   | Noticed a death yak
 18050 | Lair:4   | Noticed a death yak
 18125 | Lair:4   | Killed a death yak
 18126 | Lair:4   | Reached XP level 13. HP: 76/84 MP: 13/13
 18318 | Lair:4   | Found a staircase to the Snake Pit.
 18585 | Lair:4   | Reached **** piety under Dithmenos
 18960 | Lair:4   | Found a staircase to the Swamp.
 19748 | Lair:5   | Found a dark tunnel.
 19753 | Volcano  | Entered a volcano
 20747 | Lair:5   | Found a staircase to the Slime Pits.
 20756 | Lair:5   | Identified the +0 pair of gloves of the Stonemason {Harm
                  | rF++ Will- rCorr}
 21119 | Lair:5   | Noticed Nessos
 21124 | Lair:5   | Killed Nessos
 21476 | Lair:5   | Found a snail-covered altar of Cheibriados.
 21899 | Lair:6   | Entered Level 6 of the Lair of Beasts
 21910 | Lair:6   | Reached XP level 14. HP: 92/92 MP: 14/14
 21916 | Lair:6   | Reached skill level 10 in Evocations
 22846 | Lair:6   | Reached ***** piety under Dithmenos
 24104 | Lair:6   | Found a corrupted altar of Lugonu.
 24106 | Lair:6   | Found a one-way gate to the infinite horrors of the Abyss.
 25011 | D:9      | Found a runed translucent door.
 25019 | D:9      | Reached skill level 15 in Stealth
 25524 | D:10     | Entered Level 10 of the Dungeon
 25557 | D:10     | Found a flagged portal.
 25572 | Bailey   | Entered a bailey
 25704 | Bailey   | Reached XP level 15. HP: 69/96 MP: 15/15
 26189 | Bailey   | Noticed an orc warlord
 26213 | Bailey   | Killed an orc warlord
 26214 | Bailey   | Reached skill level 1 in Invocations
 26275 | D:10     | Acquired a manual of Dodging
 26351 | D:10     | Reached ****** piety under Dithmenos
 26726 | D:10     | Found a staircase to the Orcish Mines.
 26884 | D:10     | Found a sparkling altar of Nemelex Xobeh.
 27444 | Orc:1    | Entered Level 1 of the Orcish Mines
 27671 | Orc:2    | Entered Level 2 of the Orcish Mines
 28172 | Orc:2    | Found Itud's Armour Shop.
 28280 | Orc:2    | Found Saqe Dogute's Antique Armour Emporium.
 28297 | Orc:2    | Found a staircase to the Elven Halls.
 28650 | Orc:2    | Noticed an orc warlord
 28656 | Orc:2    | Noticed Azrael
 29270 | Orc:2    | Killed an orc warlord
 29275 | Orc:2    | Reached skill level 5 in Invocations
 29708 | Orc:2    | Killed Azrael
 30391 | Orc:2    | Found Wein's Armour Shop.
 30682 | Orc:2    | Found Feywne's Assorted Antiques.
 30686 | Orc:2    | Bought a brightly glowing leather armour for 231 gold
                  | pieces
 30686 | Orc:2    | Identified the +1 leather armour of Spring Thaw {rC++ Int+5
                  | Slay-5} (You bought it in a shop on level 2 of the Orcish
                  | Mines)
 30686 | Orc:2    | Bought a condenser vane for 1320 gold pieces
 30691 | Orc:2    | Found Haomof's Assorted Antiques.
 30695 | Orc:2    | Bought a scroll of blinking for 292 gold pieces
 31199 | Orc:1    | You fall into a shaft and drop 1 floor!
 31222 | Orc:1    | Noticed Jorgrun
 32176 | Orc:2    | Found a staircase to the Elven Halls.
 32200 | Orc:2    | Found Saqe Dogute's Antique Armour Emporium.
 32203 | Orc:2    | Found Itud's Armour Shop.
 32250 | Orc:2    | Found Feywne's Assorted Antiques.
 32253 | Orc:2    | Found Haomof's Assorted Antiques.
 32307 | Orc:2    | Killed Jorgrun
 32831 | D:9      | Noticed siradein's ghost (journeyman DrCj)
 32833 | D:9      | Killed siradein's ghost
 33720 | D:12     | Reached XP level 16. HP: 101/101 MP: 21/21
 34802 | D:13     | Found a portal to a secret trove of treasure.
 34952 | D:13     | Found a gate leading to a gauntlet.
 34960 | Gauntlet | Entered a Gauntlet
 34960 | Gauntlet | Found a large runed translucent door.
 34960 | Gauntlet | Found a transporter.
 34960 | Gauntlet | Found a transporter.
 35126 | Gauntlet | Found a large runed translucent door.
 35136 | Gauntlet | Found a transporter.
 35165 | Gauntlet | Found a transporter.
 35182 | Gauntlet | Found a transporter.
 35199 | Gauntlet | Found a transporter.
 35223 | Gauntlet | Found a transporter.
 35240 | Gauntlet | Found a transporter.
 35241 | Gauntlet | Found a large runed translucent door.
 35241 | Gauntlet | Found a large runed translucent door.
 35247 | Gauntlet | Found a large runed translucent door.
 35247 | Gauntlet | Found a large runed translucent door.
 35247 | Gauntlet | Found a large runed translucent door.
 35247 | Gauntlet | Found a large runed translucent door.
 35247 | Gauntlet | Found a large runed translucent door.
 35258 | Gauntlet | Found a runed translucent door.
 35260 | Gauntlet | Found a runed translucent door.
 35261 | Gauntlet | Found a large runed translucent door.
 35262 | Gauntlet | Found a large runed translucent door.
 35263 | Gauntlet | Found a large runed translucent door.
 35283 | Gauntlet | Found a transporter.
 35291 | Gauntlet | Found a transporter.
 35314 | Gauntlet | Found a transporter.
 35324 | Gauntlet | Found a transporter.
 35402 | Gauntlet | Found a large runed translucent door.
 35402 | Gauntlet | Found a large runed translucent door.
 35412 | Gauntlet | Found a runed translucent gate.
 35413 | Gauntlet | Found a transporter.
 35421 | Gauntlet | Found a transporter.
 35443 | Gauntlet | Found a transporter.
 35450 | Gauntlet | Found a transporter.
 35528 | Gauntlet | Found a runed translucent gate.
 35528 | Gauntlet | Found a runed translucent gate.
 35533 | Gauntlet | Found a large runed translucent door.
 35534 | Gauntlet | Found a large runed translucent door.
 36192 | Gauntlet | Identified the +10 trident of Plague {flame, rElec rF+ rC-
                  | SInv}
 36381 | Gauntlet | Identified the +0 ring mail "Betoryt" {Will+}
 36470 | Trove    | Entered a treasure trove
 36494 | Trove    | Identified the amulet "Puuk" {Acrobat rF+ Regen+ rCorr
                  | Dex+2}
 36514 | Trove    | Identified the +2 buckler of the Turtledove {+Blink rPois
                  | Will- Str+8}
 36515 | Trove    | Identified the +2 ring mail of Foycyj {rElec Int-3 Dex+5
                  | Stlth+}
 36550 | D:13     | Reached XP level 17. HP: 106/106 MP: 22/22
 36551 | D:13     | Reached XP level 18. HP: 112/112 MP: 23/23
 36552 | D:13     | Reached XP level 19. HP: 120/120 MP: 24/24
 37512 | D:14     | Found a gate to the Vaults.
 37624 | D:14     | Found Asmups's General Store.
 37628 | D:14     | Bought a scroll of acquirement for 572 gold pieces
 37628 | D:14     | Acquired 1052 gold pieces
 38500 | D:15     | Entered Level 15 of the Dungeon
 38502 | D:15     | Noticed Kirke
 38505 | D:15     | Killed Kirke
 38799 | D:15     | Acquired a +5 quick blade
 38832 | D:15     | Found a staircase to the Depths.
 39132 | D:15     | Found Dumyss's Gadget Gallery.
 39138 | D:15     | Bought a phantom mirror for 520 gold pieces
 39925 | Snake:1  | Entered Level 1 of the Snake Pit
 39999 | Snake:1  | Found Pepic's Antique Weapon Emporium.
 40218 | Snake:1  | Found Rifasa's CLEARANCE SALE!.
 40223 | Snake:1  | Bought a scroll of teleportation for 12 gold pieces
 40448 | Snake:1  | Identified the +1 leather armour of Imperfection {Will-
                  | Str+4 Dex+6}
 41141 | Snake:2  | Identified the +8 rapier "Tauregarph" {flame, MP+9 Str-2
                  | Dex+4}
 41358 | Snake:2  | Reached XP level 20. HP: 122/125 MP: 25/25
 42731 | Snake:3  | Noticed Vashnia
 42734 | Snake:3  | Killed Vashnia
 43965 | Snake:4  | Entered Level 4 of the Snake Pit
 45283 | Snake:4  | Reached XP level 21. HP: 130/130 MP: 26/26
 46131 | Snake:4  | Got a serpentine rune of Zot
 46509 | Swamp:1  | Entered Level 1 of the Swamp
 47375 | Swamp:2  | Reached skill level 15 in Short Blades
 48149 | Swamp:2  | Found a runed translucent gate.
 48150 | Swamp:2  | Found a runed translucent gate.
 48151 | Swamp:2  | Found a runed translucent gate.
 48318 | Swamp:2  | Noticed Zomibl Ceupp's ghost (adept OpMo)
 48320 | Swamp:2  | Killed Zomibl Ceupp's ghost
 48334 | Swamp:2  | Identified the +9 scimitar "Neiput" {protect, Will+ Int+2
                  | Dex+2}
 48921 | Swamp:3  | Identified Roxanne's Papyrus of the Rocks
 48921 | Swamp:3  | Noticed Roxanne
 49305 | Swamp:4  | Entered Level 4 of the Swamp
 49829 | Swamp:4  | Reached skill level 10 in Invocations
 49916 | Swamp:4  | Noticed the 27-headed Lernaean hydra
 49918 | Swamp:4  | Killed the 27-headed Lernaean hydra
 49935 | Swamp:4  | Reached XP level 22. HP: 139/139 MP: 29/29
 49947 | Swamp:4  | Got a decaying rune of Zot
 50564 | Elf:1    | Entered Level 1 of the Elven Halls
 51267 | Elf:1    | Noticed Agnes
 51282 | Elf:1    | Killed Agnes
 51539 | Elf:1    | Got the Handbook of Evil
 52337 | Elf:2    | Found Vojeez's Antique Armour Shoppe.
 52380 | Elf:2    | Found a runed translucent gate.
 52459 | Elf:2    | Found a runed translucent gate.
 52459 | Elf:2    | Found a runed translucent gate.
 53341 | Elf:3    | Entered Level 3 of the Elven Halls
 53700 | Elf:3    | Reached XP level 23. HP: 144/144 MP: 30/34
 53722 | Elf:3    | Reached skill level 15 in Invocations
 53729 | Elf:3    | Identified the ring of the Suburbs {Will+ Int+4 Dex-5 SInv}
 53895 | Elf:3    | Got the Incunabulum of Cold and the Escort
 53906 | Elf:3    | Identified the +8 arbalest "Hymnuose" {flame, Int+3}
 54297 | Elf:3    | Got Qyjaahe Ytui's Guide on Congealing Heat
 54338 | Elf:3    | Identified the ring "Qaulin" {rF- rN+ AC+4 Int+5 Dex+3}
 54341 | Elf:3    | Identified the +5 plate armour of the Lobster {Regen+
                  | rCorr}
 54815 | Vaults:1 | Entered Level 1 of the Vaults
 56981 | Vaults:1 | Identified the +8 morningstar of the Present {protect, rF+
                  | rC+ Str-3 Dex+2}
 57140 | Vaults:2 | Reached skill level 15 in Evocations
 57288 | Vaults:2 | Reached skill level 15 in Fighting
 57288 | Vaults:2 | Reached XP level 24. HP: 150/150 MP: 35/35
 57482 | Vaults:2 | Noticed Nikola
 57485 | Vaults:2 | Killed Nikola
 59154 | Vaults:3 | Found a huge runed gate.
 59154 | Vaults:3 | Found a huge runed gate.
 59154 | Vaults:3 | Found a huge runed gate.
 59155 | Vaults:3 | Found a huge runed gate.
 59156 | Vaults:3 | Found a huge runed gate.
 59157 | Vaults:3 | Found a huge runed gate.
 59158 | Vaults:3 | Found a huge runed gate.
 59159 | Vaults:3 | Found a huge runed gate.
 59160 | Vaults:3 | Found a huge runed gate.
 59161 | Vaults:3 | Found a huge runed gate.
 59162 | Vaults:3 | Found a huge runed gate.
 59163 | Vaults:3 | Found a huge runed gate.
 59167 | Vaults:3 | Found a huge runed gate.
 59167 | Vaults:3 | Found a huge runed gate.
 59168 | Vaults:3 | Found a huge runed gate.
 59169 | Vaults:3 | Found a huge runed gate.
 59170 | Vaults:3 | Found a huge runed gate.
 59171 | Vaults:3 | Found a huge runed gate.
 59172 | Vaults:3 | Found a huge runed gate.
 59173 | Vaults:3 | Found a huge runed gate.
 59174 | Vaults:3 | Found a huge runed gate.
 59178 | Vaults:3 | Found a huge runed gate.
 59178 | Vaults:3 | Found a huge runed gate.
 59179 | Vaults:3 | Found a huge runed gate.
 59180 | Vaults:3 | Found a huge runed gate.
 59181 | Vaults:3 | Found a huge runed gate.
 59182 | Vaults:3 | Found a huge runed gate.
 59183 | Vaults:3 | Found a huge runed gate.
 59184 | Vaults:3 | Found a huge runed gate.
 59185 | Vaults:3 | Found a huge runed gate.
 59189 | Vaults:3 | Found a huge runed gate.
 59189 | Vaults:3 | Found a huge runed gate.
 59190 | Vaults:3 | Found a huge runed gate.
 60328 | Vaults:3 | Found a huge runed gate.
 60329 | Vaults:3 | Found a huge runed gate.
 60330 | Vaults:3 | Found a huge runed gate.
 60352 | Vaults:3 | Identified the +2 ring mail of the Devil's Advocate {Will+
                  | MP+9 Stlth-}
 60394 | Vaults:3 | Found a staircase to the Crypt.
 60728 | Vaults:3 | Reached XP level 25. HP: 161/161 MP: 28/35
 60741 | Vaults:3 | Got the Grimoire of Flight
 60865 | Vaults:4 | Reached skill level 1 in Armour
 62729 | Vaults:5 | Entered Level 5 of the Vaults
 63144 | Depths:1 | Entered Level 1 of the Depths
 63382 | Depths:1 | Found a gateway to Hell.
 63403 | Depths:1 | Found a shadowy altar of Dithmenos.
 63832 | Depths:1 | Found a bloodstained altar of Trog.
 63970 | Depths:1 | Found Coyz's Assorted Antiques.
 63973 | Depths:1 | Bought a scroll of blinking for 307 gold pieces
 63973 | Depths:1 | Bought a scroll of teleportation for 123 gold pieces
 63973 | Depths:1 | Bought a potion of haste for 410 gold pieces
 64203 | Depths:2 | Paralysed by a vampire knight for 3 turns
 64832 | Vaults:4 | Reached skill level 5 in Armour
 65010 | Vaults:5 | Noticed Sojobo
 65619 | Vaults:5 | Killed Sojobo
 65675 | Vaults:5 | Reached XP level 26. HP: 91/166 MP: 35/35
 68714 | Vaults:5 | Identified the +3 war axe of Expedience {holy, Int+5}
 68714 | Vaults:5 | Identified the amulet of Pyromania {RegenMP Rampage rElec
                  | rN+++ Dex-2}
 68752 | Vaults:5 | Paralysed by a Zot trap for 3 turns
 68755 | Vaults:5 | Slain by a titan

Illustrated notes

Levels and vault maps discovered:
D:1:      matt_arrival_refuge, layout_basic, shapermc_ecumenical_altar_venn,
          serial_forest, infiniplex_forest_side_room,
          infiniplex_forest_side_room, infiniplex_forest_clump_long,
          infiniplex_forest_straight_2, infiniplex_forest_lined_1,
          infiniplex_forest_clump_double, infiniplex_forest_clump_double,
          infiniplex_forest_clump_small
D:2:      layout_loops_ring
D:3:      corexii_shack_village, layout_loops_corners, nicolae_grassy_gnolls
D:4:      layout_loops_ring, zin_academy, cheibrodos_sewer_entry_drain
D:5:      layout_loops_corners, makhleb_altar_promises_db,
          nicolae_ossuary_entry_catacombs
D:6:      layout_layer_cave, kiku_gazebo_pond_becter,
          grunt_temple_overflow_open, kennysheep_generic_room_3
D:7:      layout_rooms, minmay_temple_entry_wispy, uniq_duvessa, uniq_pikel
D:8:      layout_gridville, nicolae_ru_awakened_eye,
          due_lair_maze_entry_diamond, onia_ninara_dug_in_and_dangerous
D:9:      layout_roguey, ebering_ghost_reflecting_pool,
          nicolae_underground_beach
D:10:     layout_basic, mainiacjoe_overflow_surrounded_room,
          minmay_orc_entry_temple_small, enter_bailey_4, serial_bayou,
          serial_bayou_lagoon_b, serial_bayou_pond_e, serial_bayou_shore_b,
          serial_bayou_pond_d, nicolae_figureground_sparkle
D:11:     minmay_four_partial_circles, layout_gridville
D:12:     layout_roguey [special_room_orc]
D:13:     layout_basic, gauntlet_entry_generic, nicolae_trove_entry_crossroad
D:14:     layout_gridville, erik_vaults_1, serial_shops, shop, solitary_fountain
D:15:     hangedman_depths_entry_civil_slaughter, layout_basic,
          nicolae_shop_gadgets, uniq_kirke
Temple:   nicolae_temple_great_sept
Lair:1:   layout_long_grid, gammafunk_ghost_icy, lemuel_old_faithful,
          infiniplex_staircase_pool
Lair:2:   gammafunk_boulding_lane, layout_cellular_growth,
          gammafunk_ghost_necromancy, nicolae_quartered_pool_little,
          minmay_lair_oklob_bushes, fungi_pond_lemuel, uniq_maggie
Lair:3:   layout_concentric_octagons
Lair:4:   layout_regular_city, nicolae_swamp_entry_splash_gauntlet,
          guppyfry_snake_entry_garden, beast_lair_carwin_2, uniq_josephine
Lair:5:   layout_regular_city, slime_dummy, enter_volcano_1,
          kennysheep_snail_temple, uniq_nessos
Lair:6:   hellmonk_lair_end_abyssal_woods, layout_long_grid, grunt_megastairs_5,
          lemuel_fruit_fields
Swamp:1:  layout_basic_swamp, evilmike_swamp_ruin_house_4
Swamp:2:  layout_basic_swamp, gammafunk_ghost_hydra_chop, serial_swamp_ruin,
          evilmike_swamp_ruin_house_1, evilmike_swamp_ruin_rubble_2
Swamp:3:  layout_basic_swamp, evilmike_swamp_ruin_rubble_1, uniq_roxanne
Swamp:4:  swamp_old_school, layout_basic_swamp, swamp_pool4,
          nicolae_swamp_hydra_murder_den
Snake:1:  layout_gridlike, serial_shops, nicolae_shop_hallway_plus,
          nicolae_snake_serpentine_hallways, nicolae_shop_clearance,
          lemuel_fruit_tree
Snake:2:  layout_onion_interference
Snake:3:  layout_onion, grunt_megastairs_2, uniq_vashnia
Snake:4:  johnstein_snake_rune_scales, layout_concentric_octagons,
          hangedman_snake_corridor_cut
Orc:1:    layout_caves, uniq_jorgrun
Orc:2:    st_orc_town, layout_diamond_mine, serial_shops,
          nicolae_shop_statue_plus, kennysheep_orc_chapel, uniq_azrael
Elf:1:    eino_elf_arrival_customs, layout_geoelf_octagon,
          hangedman_elf_disciples, uniq_agnes
Elf:2:    elven_hall_of_blades_hangedman_original
          [nicolae_blade_entry_diamond_columns], layout_loops_corners,
          serial_shops, nicolae_square_shop
Elf:3:    nooodl_elf_gasket, layout_geoelf_diagonals, corexii_hall_statues_i
Vaults:1: nicolae_vaults_inception_scallops, hangedman_vaults_capsules,
          v_misc_17, special_room_vaults [special_room_orc], v_rooms_2,
          v_misc_18, hangedman_vaults_corner, nicolae_vaults_little_ls,
          v_misc_24, v_misc_25, layout_vaults_omnigrid
Vaults:2: ontoclasm_vaults_eye, ontoclasm_vaults_twist, grunt_vaults_focal,
          nicolae_vaults_meeting, nicolae_vaults_theta, v_pattern_3,
          vaults_room_large_hall, v_misc_28, v_misc_5, v_alt_pattern_4,
          hangedman_vaults_pinch, nicolae_vaults_hallways_thing,
          nicolae_vaults_shelves_hall, vaults_room_ringed_pool,
          vaults_dpeg_hooks, layout_vaults_omnibox, uniq_margery, uniq_nikola
Vaults:3: ontoclasm_vaults_loading_screen, minmay_crypt_entry_simple_round,
          door_vault, nicolae_vaults_three_branches,
          nicolae_vaults_circle_grid_b, vaults_standard_mumra_lines,
          grunt_vaults_diagonal, v_misc_9, ontoclasm_vaults_idyll, serial_ice_h,
          vaults_room_semicircle, layout_vaults_big_room
Vaults:4: v_rooms_5, v_misc_14, vaults_mumra_hexcomb, v_alt_pattern_1,
          nicolae_vaults_network_quincunx
          [nicolae_vaults_network_quincunx_subvault,
          nicolae_vaults_network_quincunx_subvault,
          nicolae_vaults_network_quincunx_subvault,
          nicolae_vaults_network_quincunx_subvault,
          nicolae_vaults_network_quincunx_subvault], dpeg_vaults_waves,
          v_misc_1, nicolae_vaults_angled_halls, ontoclasm_vaults_hangar,
          layout_vaults_omnicross
Vaults:5: serial_shops, uniq_sojobo
Depths:1: layout_cave_pools, serial_shops, kennysheep_mini, hell_entry,
          trog_three_pillars_becter, nicolae_dithmenos_the_darkroom
Depths:2: minmay_the_grid_octo_tiled_octocenter_mashed
          [minmay_the_grid_octo_clover, minmay_the_grid_octo_focus,
          minmay_the_grid_octo_empty, minmay_the_grid_octo_checkered,
          minmay_the_grid_octo_prize_square_snowflake,
          minmay_the_grid_square_5x5_corner, minmay_the_grid_square_5x5_forky,
          minmay_the_grid_square_5x5_bite, minmay_the_grid_square_5x5_three],
          layout_cave_pools, rand_demon_pan_entry_8, hell_entry,
          minmay_misc_feat_columns, minmay_staircase_bubble

Skill      XL: |  1  2  3  4  5  6  7  8  9 10 11 12 13 14 15 16 17 18 19 20 21 22 23 24 25 26 |
---------------+-------------------------------------------------------------------------------+-----
Fighting       | 2 3 4 6 8 9 10 12 13 14 15 17 18 19 | 19.5
Short Blades   | 2 4 5 7 8 10 11 12 13 15 19 20 21 | 21.6
Stealth        | 2 4 5 6 8 10 15 16 19 21 23 25 26 | 26.5
Dodging        | 4 6 9 12 13 16 17 18 21 22 23 24 26 | 26.0
Evocations     | 4 6 9 10 15 | 15.1
Invocations    | 6 10 14 17 18 | 18.6
Armour         | 5 7 |  7.0

Action                   |  1- 3 |  4- 6 |  7- 9 | 10-12 | 13-15 | 16-18 | 19-21 | 22-24 | 25-27 || total
-------------------------+-------+-------+-------+-------+-------+-------+-------+-------+-------++-------
Melee: Club              |    78 |       |       |       |       |       |       |       |       ||    78
       Dagger            |    72 |    70 |       |       |       |       |       |       |       ||   142
       Punch             |       |     2 |     6 |    12 |    24 |     3 |    44 |    45 |    48 ||   184
       Short sword       |       |    99 |   282 |   675 |  1642 |   329 |   205 |       |       ||  3232
       Quick blade       |       |       |       |       |       |       |  1913 |  1827 |  1686 ||  5426
Invok: Shadow Step       |       |       |       |       |       |       |     4 |       |     2 ||     6
       Shadow Form       |       |       |       |       |       |       |     3 |     4 |     3 ||    10
Evoke: Wand              |     5 |    12 |     3 |     7 |    27 |     2 |       |     4 |     9 ||    69
       Condenser vane    |       |       |       |       |       |     1 |     2 |     2 |     3 ||     8
       Phantom mirror    |       |       |       |       |       |       |       |     1 |     2 ||     3
       Phial of floods   |       |       |       |       |       |       |       |       |     2 ||     2
  Use: Scroll            |       |     8 |    10 |    11 |    12 |     1 |    10 |     3 |     2 ||    57
       Potion            |       |       |       |       |    10 |     8 |       |       |     2 ||    20
 Stab: Sleeping          |     7 |    33 |    18 |    28 |   132 |     5 |   162 |   210 |    70 ||   665
       Distracted        |       |       |       |     6 |    16 |     4 |    38 |    24 |    17 ||   105
       Betrayed ally     |       |       |       |     1 |       |       |       |       |       ||     1
       Invisible         |       |       |       |       |     6 |       |     1 |    24 |     5 ||    36
       Petrified         |       |       |       |       |       |       |     2 |       |       ||     2
Armor: Leather armour    |    30 |    19 |    19 |     6 |       |       |    31 |       |       ||   105
       Steam dragon scal |       |       |       |    13 |    51 |    21 |    11 |       |       ||    96
       Robe              |       |       |       |       |       |       |    10 |    24 |       ||    34
       Ring mail         |       |       |       |       |       |       |       |       |    59 ||    59
Dodge: Dodged            |   109 |    75 |   192 |   536 |  1181 |   330 |  1490 |  1168 |  1081 ||  6162

Table legend: (Time is in decaauts)
 A = Elapsed time spent in this place.
 B = Non-inter-level travel time spent in this place.
 C = Inter-level travel time spent in this place.
 D = Time resting spent in this place.
 E = Time spent auto-exploring this place.
 F = Levels seen in this place.
 G = Mean time per level.
                   A        B        C        D        E       F      G
               +--------+--------+--------+--------+--------+-----+--------+
         Total |  63789 |  60324 |   3465 |  11423 |  35544 |  48 | 1328.9 |
       Dungeon |  18770 |  17488 |   1282 |   2367 |  12069 |  15 | 1251.3 |
        Temple |    184 |    177 |      7 |      0 |    153 |   1 |  184.0 |
          Lair |  11136 |  10476 |    660 |   2624 |   5974 |   6 | 1856.0 |
         Swamp |   3811 |   3688 |    123 |    589 |   2240 |   4 |  952.8 |
     Snake Pit |   5649 |   5473 |    176 |   1055 |   2999 |   4 | 1412.2 |
  Orcish Mines |   4925 |   4604 |    321 |   1182 |   2230 |   2 | 2462.5 |
   Elven Halls |   3599 |   3413 |    186 |    303 |   2224 |   3 | 1199.7 |
        Vaults |  10809 |  10171 |    638 |   1617 |   6063 |   5 | 2161.8 |
        Depths |   1038 |    970 |     68 |    112 |    683 |   2 |  519.0 |
         Trove |     79 |     79 |      0 |      0 |     15 |   1 |   79.0 |
         Sewer |    429 |    429 |      0 |      0 |    286 |   1 |  429.0 |
       Ossuary |    421 |    421 |      0 |    160 |     80 |   1 |  421.0 |
        Bailey |    654 |    654 |      0 |     72 |    226 |   1 |  654.0 |
       Volcano |    907 |    907 |      0 |    699 |      0 |   1 |  907.0 |
      Gauntlet |   1372 |   1372 |      0 |    642 |    301 |   1 | 1372.0 |
               +--------+--------+--------+--------+--------+-----+--------+

Top non-repeatable levels by time:
   Orc:2: 4223 daAuts
Vaults:4: 2705 daAuts
  Lair:6: 2333 daAuts
  Lair:4: 2316 daAuts
Vaults:5: 2312 daAuts
     D:1: 2131 daAuts
 Snake:3: 1997 daAuts
Vaults:1: 1995 daAuts
Vaults:3: 1980 daAuts
  Lair:3: 1872 daAuts
     D:8: 1838 daAuts
  Lair:2: 1826 daAuts
Vaults:2: 1815 daAuts
     D:3: 1664 daAuts
  Lair:1: 1444 daAuts
